 Dungeon Crawl Stone Soup version 0.31-a0-210-gccc998df9b (webtiles) character file.

Game seed: 5625655397899768009

21 qw the Shooter (level 2, -4/24 HPs)
             Began as a Minotaur Hexslinger on June 29, 2023.
             Slain by a scorpion (5 damage)
             ... on level 2 of the Dungeon.
             The game lasted 00:00:15 (653 turns).

qw the Shooter (Minotaur Hexslinger)                 Turns: 653, Time: 00:00:15

Health: -4/24      AC:  5    Str: 18    XL:     2   Next: 65%
Magic:  2/2        EV: 11    Int: 10    God:
Gold:   24         SH:  0    Dex: 12    Spells: 2/3 levels left

rFire   . . .        Y - +1 sling
rCold   . . .        (no shield)
rNeg    . . .        f - +0 ring mail
rPois   .            (helmet restricted)
rElec   .            (no cloak)
rCorr   .            (no gloves)
SInv    .            (no boots)
Will    .....        (no amulet)
Stlth   +            e - +6 ring of strength
HPRegen 0.24/turn    (no ring)
MPRegen 0.08/turn

%: no passive effects
@: lethally poisoned (-4 -> -7)
A: horns 2, retaliatory headbutt
a: no special abilities


You were on level 2 of the Dungeon.
You visited 1 branch of the dungeon, and saw 2 of its levels.

You collected 50 gold pieces.
You spent 26 gold pieces at shops.


Innate Abilities, Weirdness & Mutations

You have a pair of horns on your head.
You reflexively headbutt those who attack you in melee.


   Skills:
 - Level 2.0 Fighting
 + Level 3.3 Ranged Weapons
 - Level 2.1 Dodging
 - Level 1.0 Spellcasting
 - Level 2.0 Hexes


You had 2 spell levels left.
You knew the following spells:

 Your Spells              Type           Power      Damage    Failure   Level
a - Slow                  Hex            16%        N/A       26%         1

Your spell library contained the following spells:

 Spells                   Type           Power      Damage    Failure   Level
 Inner Flame              Hex/Fire       2%         N/A       77%         3
 Portal Projectile        Hex/Tloc       4%         N/A       77%         3
 Cause Fear               Hex            2%         N/A       95%         4

Inventory:

Hand Weapons
 Y - a +1 sling (weapon)
Armour
 f - a +0 ring mail (worn)
Jewellery
 e - a +6 ring of strength (left hand)
Potions
 g - a potion of cancellation {unknown}

Dungeon Overview and Level Annotations

Branches:
Dungeon (2/15)

Altars:

Shops:
D:1 *


Message History

The scorpion closely misses you.
The scorpion stings you but does no damage.
You shoot a sling bullet.
The sling bullet hits the scorpion but does no damage.
The scorpion is severely wounded.
The scorpion closely misses you. The scorpion stings you.
You shoot a sling bullet.
The sling bullet barely misses the scorpion.
The sling bullet barely misses the kobold.
The scorpion barely misses you.
You shoot a sling bullet. The sling bullet hits the scorpion.
The scorpion is severely wounded.
The scorpion barely misses you. The scorpion stings you.
You shoot a sling bullet. The sling bullet hits the scorpion.
The scorpion is severely wounded.
The scorpion stings you but does no damage.
You shoot a sling bullet. The sling bullet hits the scorpion.
The scorpion is severely wounded.
The scorpion barely misses you. The scorpion stings you.
You are poisoned.
The scorpion poisons you!
You shoot a sling bullet.
The sling bullet closely misses the scorpion.
The sling bullet hits the kobold.
The kobold is moderately wounded.
You feel very sick.
The scorpion stings you but does no damage.
You shoot a sling bullet.
The sling bullet barely misses the scorpion.
The sling bullet misses the kobold.
You feel sick. The scorpion stings you. x2
You shoot a sling bullet. The sling bullet hits the scorpion.
The scorpion is almost dead.
You feel sick.
The scorpion stings you but does no damage. x2
You shoot a sling bullet.
The sling bullet hits the scorpion but does no damage.
The scorpion is almost dead.
You feel sick. The scorpion stings you.
You die...

#.# ####.#
..##.##
#.#.#.#
#.##.## .
#.##.# #..
#.##.#
.....##.##.#
..!..Ks@...#
###...######
..... .##. #


You could see a scorpion and a kobold.

Vanquished Creatures
  2 dart slugs (D:1)
  3 ball pythons (D:1)
  4 endoplasms (D:1)
  A giant cockroach (D:1)
  3 bats (D:1)
  2 frilled lizards (D:1)
  3 rats (D:1)
18 creatures vanquished.

Notes
Turn   | Place    | Note
-------+----------+-------------------------------------------
     0 | D:1      | qw the Minotaur Hexslinger began the quest for the Orb.
     0 | D:1      | Reached XP level 1. HP: 16/16 MP: 1/1
     0 | D:1      | 0 ||| qw: Version: 0.3-a-24-g62f9e04
     0 | D:1      | 0 ||| qw: Game counter: 6677
     0 | D:1      | 0 ||| qw: Melee chars always use a shield: true
     0 | D:1      | 0 ||| qw: God list: Okawaru
     0 | D:1      | 0 ||| qw: Allow faded altars: false
     0 | D:1      | 0 ||| qw: Do Orc after clearing Dungeon:15 true
     0 | D:1      | 0 ||| qw: Do second Lair branch before Depths: true
     0 | D:1      | 0 ||| qw: Lair rune preference: random
     0 | D:1      | 0 ||| qw: Goals: Normal
     0 | D:1      | 0 ||| PLANNING D:1-11
   153 | D:1      | Reached skill level 3 in Ranged Weapons
   160 | D:1      | Reached XP level 2. HP: 23/23 MP: 2/2
   422 | D:1      | 422 ||| FLEEEEING.
   423 | D:1      | 423 ||| FLEEEEING.
   504 | D:1      | Found Sesecwac's Assorted Antiques.
   510 | D:1      | 510 ||| SHOPLISTING cloak (130 gold, have 50).
   510 | D:1      | 510 ||| SHOPLISTING forked glass wand (116 gold, have 50).
   510 | D:1      | 510 ||| BUYING red potion (26 gold).
   510 | D:1      | Bought a red potion for 26 gold pieces
   510 | D:1      | 510 ||| SHOPLISTING runed shortbow (174 gold, have 24).
   510 | D:1      | 510 ||| SHOPLISTING scroll labelled KOUL LEEXKANIL (29
                  | gold, have 24).
   573 | D:1      | 573 ||| UPGRADING to +0 ring mail.
   583 | D:1      | 583 ||| DROPPING +0 robe.
   584 | D:1      | 584 ||| UPGRADING to +6 ring of strength.
   585 | D:1      | 585 ||| READING scroll labelled JIMPAGAPHE.
   586 | D:1      | 586 ||| DROPPING scroll of poison.
   639 | D:2      | Noticed a scorpion
   651 | D:2      | HP: 3/24 [scorpion (5)]
   652 | D:2      | HP: 1/24 [poisoned by a scorpion]
   653 | D:2      | Slain by a scorpion

Levels and vault maps discovered:
D:1:      elethiomel_arrival_quiet, layout_loops_ring, serial_shops,
          nicolae_shop_tiny_statue_garden
D:2:      layout_loops_cross, serial_bayou_pond_a, kennysheep_generic_room_9,
          uniq_terence

Skill      XL: |  1  2 |
---------------+-------+-----
Ranged Weapons | 3 |  3.3
Fighting       | 2 |  2.0
Dodging        | |  2.1
Spellcasting   | |  1.0
Hexes          | |  2.0

Action                     || total
---------------------------++-------
   Fire: Sling             ||    58
    Use: Scroll            ||     1
 Armour: Robe              ||     8
         Ring mail         ||     6
  Dodge: Dodged            ||    13

Table legend:
 A = Non-vault XP
 B = Vault XP
 C = Vault XP percentage of total XP
 D = Non-vault monster count
 E = Vault monster count
 F = Vault count percentage of total count
                 A         B        C        D         E       F
            +---------+---------+-------+---------+---------+-------
      Total |      31 |       0 |   0.0 |      18 |       0 |   0.0
            +---------+---------+-------+---------+---------+-------
        D:1 |      31 |       0 |   0.0 |      18 |       0 |   0.0
            +---------+---------+-------+---------+---------+-------
